 Dungeon Crawl Stone Soup version 0.28.0-53-g5a82cb258f (webtiles) character file.

Game seed: 2723455608320242504

10228 Infinimo the Fighter (level 11, -3/73 HPs)
             Began as a Gargoyle Berserker on June 15, 2022.
             Was a Priest of Trog.
             Slain by a boulder beetle (22 damage)
             ... on level 11 of the Dungeon.
             The game lasted 00:14:00 (14937 turns).

Infinimo the Fighter (Gargoyle Berserker)          Turns: 14937, Time: 00:14:00

Health: -3/73      AC: 22    Str: 27    XL:     11   Next: 58%
Magic:  11/11      EV:  9    Int:  8    God:    Trog [***...]
Gold:   155        SH:  0    Dex:  9    Spells: 10/10 levels left

rFire   . . .      SeeInvis .   a - +0 mace
rCold   . . .      Faith    .   (no shield)
rNeg    + + .      Spirit   .   y - +0 plate armour
rPois   ∞          Reflect  .   (no helmet)
rElec   +          Harm     .   h - scarf {+Inv}
rCorr   .          Rampage  .   (no gloves)
Will    +....                   (no boots)
Stlth   ..........              (no amulet)
HPRegen 0.22/turn               r - ring of willpower
MPRegen 0.12/turn               D - ring "Axtiniza" {rElec rN+ Str+2}

@: on berserk cooldown, slowed, very slow
A: sickness immunity, AC +8, negative energy resistance 1, electricity
resistance, torment resistance 1, petrification resistance
a: Renounce Religion, Evoke Invisibility, Berserk, Trog's Hand


You were on level 11 of the Dungeon.
You worshipped Trog.
Trog was most pleased with you.
You visited 1 branch of the dungeon, and saw 12 of its levels.

You collected 689 gold pieces.
You spent 534 gold pieces at shops.

Inventory:

Hand Weapons
 a - a +0 mace (weapon)
Missiles
 t - 7 curare-tipped darts (quivered)
 E - 3 throwing nets
Armour
 h - a scarf of invisibility (worn)
 y - a +0 plate armour (worn)
Jewellery
 r - a ring of willpower (left hand)
 s - a ring of see invisible
 A - a ring of resist corrosion
 D - the ring "Axtiniza" (right hand) {rElec rN+ Str+2}
   (You bought it in a shop on level 10 of the Dungeon)

   [ring of positive energy]

   Str:       It affects your strength (+2).
   rElec:     It insulates you from electricity.
   rN:        It protects you from negative energy.
Wands
 b - a wand of acid (4)
 d - a wand of mindburst (14)
 k - a wand of digging (3)
Scrolls
 e - 5 scrolls of identify
 g - a scroll of noise
 v - 2 scrolls of enchant armour
 x - 7 scrolls of teleportation
 B - a scroll of enchant weapon {unknown}
 C - 2 scrolls of blinking
 G - a scroll of torment {unknown}
Potions
 c - a potion of berserk rage
 f - 5 potions of curing
 i - 3 potions of heal wounds
 j - a potion of ambrosia
 l - 2 potions of brilliance
 m - 2 potions of might
 n - a potion of degeneration
 o - a potion of cancellation
 p - 5 potions of magic
 q - 2 potions of lignification
 u - a potion of invisibility
 w - 3 potions of flight {unknown}
 z - a potion of haste {unknown}
 F - a potion of attraction {unknown}


   Skills:
 + Level 10.4 Fighting
 * Level 10.2 Maces & Flails
 + Level 10.1 Armour
 - Level 7.1 Dodging


You had 10 spell levels left.
You didn't know any spells.
Your spell library was empty.

Dungeon Overview and Level Annotations

Branches:
Dungeon (12/15)            Temple (0/1) D:7
   Lair: D:8-11         Orc: D:9-12

Altars:
Ashenzari
Cheibriados
Fedhas
Nemelex Xobeh
Okawaru
Sif Muna
Wu Jian
Xom
Zin
The Shining One

Shops:
D:10 =


Innate Abilities, Weirdness & Mutations

You are immune to sickness and miasma.
Your stone body is resilient. (AC +8)
You are immune to poison.
You resist negative energy. (rN+)
You are resistant to electric shocks. (rElec)
You are resistant to unholy torment.
You are immune to petrification.


Message History

The boulder beetle is moderately wounded.
The boulder beetle bites you.
You hit the boulder beetle but do no damage.
The boulder beetle is moderately wounded.
You hit the boulder beetle but do no damage.
The boulder beetle is moderately wounded.
The boulder beetle bites you!
You are too injured to fight recklessly!
You are too injured to fight recklessly!
You are too injured to fight recklessly!
You are too injured to fight recklessly!
You are too injured to fight recklessly!
You are too injured to fight recklessly!
You are too injured to fight recklessly!
You are too injured to fight recklessly!
You are too injured to fight recklessly!
You are too injured to fight recklessly!
You are too injured to fight recklessly!
You are too injured to fight recklessly!
You are too injured to fight recklessly!
You are too injured to fight recklessly!
You are too injured to fight recklessly!
You are too injured to fight recklessly!
You sock the boulder beetle!
The boulder beetle is moderately wounded.
You hit the boulder beetle. You punch the boulder beetle!
The boulder beetle is heavily wounded.
The boulder beetle bites you!
You completely miss the boulder beetle.
The boulder beetle is heavily wounded.
You sock the boulder beetle!
The boulder beetle is severely wounded.
The boulder beetle bites you!
* * * LOW HITPOINT WARNING * * *
You bludgeon the boulder beetle!!
The boulder beetle is almost dead.
You are no longer berserk.
You are exhausted.
You feel yourself slow down. The boulder beetle bites you!!
You die...

###############
.............B.
$.......○○..... #..#
#.(# #..# ..
#..######...^
.#######............
..........@.........
.........B######..##
.#######.># .# #..#
#..# #..# #..# #..#
....


You could see a boulder beetle.

Vanquished Creatures
  Harold (D:10)
  A two-headed ogre (D:9)
  An ugly thing (D:12)
  Joseph (D:7)
  Maggie (D:10)
  A komodo dragon (D:10)
  2 trolls
  Prince Ribbit (D:7)
  Grinder (D:4)
  A wraith (D:12)
  8 yaks
  Grum (D:7)
  3 vampire mosquitoes (D:12)
  A steam dragon (D:8)
  A water moccasin (D:9)
  A sky beast (D:6)
  3 ice beasts
  A necrophage (D:5)
  4 orc warriors
  5 centaurs
  2 ogres (D:5)
  A wolf (D:7)
  5 kobold brigands
  A bullfrog (D:7)
  A gnoll sergeant (D:7)
  2 scorpions (D:5)
  A water moccasin skeleton (D:5)
  14 killer bees
  11 wights
  9 howler monkeys
  2 centaur zombies
  6 hounds
  An orc priest (D:7)
  Crazy Yiuf (D:3)
  A gnoll shaman (D:7)
  3 jellies (D:5)
  A centaur skeleton (D:6)
  2 iguanas
  12 orc wizards
  Ijyb (D:4)
  A hound skeleton (D:5)
  A howler monkey skeleton (D:6)
  8 adders
  6 gnolls
  2 shadow imps
  A white imp (D:5)
  3 ufetubi
  An adder skeleton (D:4)
  2 worms
  A dart slug (D:3)
  20 orcs
  6 bats
  8 endoplasms
  2 giant cockroaches (D:4)
  7 goblins
  6 hobgoblins
  6 jackals
  27 kobolds
  3 quokkas (D:2)
  3 ball pythons
  2 frilled lizards
  6 rats
238 creatures vanquished.

Vanquished Creatures (others)
  2 orc wizards
2 creatures vanquished.

Grand Total: 240 creatures vanquished

Notes
Turn   | Place    | Note
-------+----------+-------------------------------------------
     0 | D:1      | Infinimo the Gargoyle Berserker began the quest for the
                  | Orb.
     0 | D:1      | Reached XP level 1. HP: 14/14 MP: 1/1
   170 | D:1      | Reached XP level 2. HP: 19/19 MP: 2/2
   619 | D:1      | Reached XP level 3. HP: 23/23 MP: 3/3
  1916 | D:3      | Reached ** piety under Trog
  2018 | D:3      | Found a faded altar of an unknown god.
  2024 | D:3      | Reached XP level 4. HP: 25/29 MP: 4/4
  2542 | D:3      | Found a runed translucent door.
  2543 | D:3      | Noticed Crazy Yiuf
  2766 | D:3      | Reached XP level 5. HP: 30/33 MP: 5/5
  3315 | D:3      | Killed Crazy Yiuf
  3606 | D:4      | Noticed Grinder
  3618 | D:4      | Paralysed by Grinder for 2 turns
  3627 | D:4      | Paralysed by Grinder for 3 turns
  3634 | D:4      | Killed Grinder
  3635 | D:4      | Reached XP level 6. HP: 40/40 MP: 6/6
  4072 | D:4      | Found a sparkling altar of Nemelex Xobeh.
  4184 | D:4      | Found a glowing drain.
  4247 | D:4      | Reached skill level 5 in Fighting
  4560 | D:4      | Found an iron altar of Okawaru.
  4573 | D:4      | Noticed a yak
  4573 | D:4      | Noticed a yak
  4573 | D:4      | Noticed a yak
  4597 | D:4      | Killed a yak
  4598 | D:4      | Reached XP level 7. HP: 44/44 MP: 7/7
  4600 | D:4      | Killed a yak
  4601 | D:4      | Reached skill level 5 in Maces & Flails
  4601 | D:4      | Reached skill level 5 in Armour
  4902 | D:4      | Noticed Ijyb
  4912 | D:4      | Killed Ijyb
  5571 | D:4      | Killed a yak
  5572 | D:4      | Reached XP level 8. HP: 23/51 MP: 8/8
  5816 | D:4      | Identified the +6 spear "Wesegadwef" {drain, rC+}
  5825 | D:5      | Entered Level 5 of the Dungeon
  5905 | D:5      | Noticed a troll
  5916 | D:5      | Killed a troll
  6168 | D:5      | Found a blossoming altar of Fedhas.
  6353 | D:5      | Found a broken altar of Ashenzari.
  6415 | D:5      | Reached XP level 9. HP: 38/56 MP: 9/9
  6606 | D:5      | Reached skill level 5 in Dodging
  7630 | D:6      | Found an ornate altar of the Wu Jian Council.
  7889 | D:6      | Identified the +7 rapier "Buczoh" {holy, rC+}
  8749 | D:7      | Noticed Joseph
  8943 | D:7      | Noticed Prince Ribbit
  8969 | D:7      | Killed Prince Ribbit
  8970 | D:7      | Reached XP level 10. HP: 22/64 MP: 10/10
  9478 | D:7      | Found a staircase to the Ecumenical Temple.
  9533 | D:7      | Noticed Grum
  9541 | D:7      | Killed Grum
 10159 | D:7      | Killed Joseph
 10531 | D:8      | Found a shimmering altar of Xom.
 11847 | D:9      | Reached *** piety under Trog
 11895 | D:9      | Found a glowing golden altar of the Shining One.
 12457 | D:9      | Noticed a two-headed ogre
 12466 | D:9      | Killed a two-headed ogre
 12467 | D:9      | Reached XP level 11. HP: 72/72 MP: 11/11
 13214 | D:9      | Found a snail-covered altar of Cheibriados.
 13588 | D:10     | Entered Level 10 of the Dungeon
 13592 | D:10     | Found Efera's Jewellery Boutique.
 13600 | D:10     | Bought the ring "Axtiniza" {rElec rN+ Str+2} for 534 gold
                  | pieces
 14001 | D:10     | Noticed Maggie
 14017 | D:10     | Killed Maggie
 14018 | D:10     | Reached skill level 10 in Fighting
 14090 | D:10     | Found a shimmering blue altar of Sif Muna.
 14140 | D:10     | Noticed Harold
 14160 | D:10     | Killed Harold
 14469 | D:10     | Found a glowing silver altar of Zin.
 14469 | D:10     | Noticed an angel
 14484 | D:10     | You fall into a shaft and drop 2 floors!
 14504 | D:12     | Reached skill level 10 in Maces & Flails
 14504 | D:12     | Reached skill level 10 in Armour
 14610 | D:12     | Noticed a green ugly thing
 14623 | D:12     | Killed a green ugly thing
 14908 | D:11     | Noticed a boulder beetle
 14937 | D:11     | Slain by a boulder beetle

Illustrated notes

Levels and vault maps discovered:
D:1:      dpeg_arrival_water_fire, layout_basic, minivault_4
D:2:      layout_basic
D:3:      layout_basic, serial_aquarium, aquarium_bridge_square
          [aquarium_subvault_wall, aquarium_subvault_bridge,
          aquarium_subvault_window, aquarium_subvault_wall],
          aquarium_bridge_square [aquarium_subvault_wall,
          aquarium_subvault_bridge, aquarium_subvault_bridge,
          aquarium_subvault_window], aquarium_window_fake, aquarium_window_1,
          aquarium_window_double, aquarium_view_2c, aquarium_view_2e,
          aquarium_balcony_3a, aquarium_pool_split,
          shapermc_ecumenical_altar_gd, uniq_crazy_yiuf_cottage
D:4:      layout_gridville, okawaru_ov_weapons_minmay,
          nemelex_spade_bored_becter, portal_sewer_entry_a, uniq_grinder,
          uniq_ijyb
D:5:      minmay_opposing_rooms, layout_loops_ring,
          fedhas_bush_and_centaur_altar, marbit_many_paths, roderic_malta_cross
D:6:      layout_layer_cave, nicolae_wu_jian_immortal_techniques, st_stairs_7,
          serial_bayou_crossing
D:7:      layout_cave_pools, minmay_temple_entry_offerings, serial_gnoll_camp,
          gnoll_camp_mini_hut, gnoll_camp_mini_hut, grums_kennel,
          gnoll_camp_mini_loothouse, lemuel_flame_loot_1, uniq_prince_ribbit1,
          uniq_joseph
D:8:      layout_cave_pools, lemuel_round_altar
D:9:      layout_layer_cave, mainiacjoe_overflow_paths, slow_altar_1
D:10:     layout_loops_ring, general_overflow_altar, zin_angel, kennysheep_mini,
          david_orc_4, serial_shops, nicolae_stop_n_shop_2,
          chequers_serial_rivers_small_3, uniq_maggie, uniq_harold, uniq_erolcha
D:11:     layout_small_grid, erik_lair_orcish_takeover
D:12:     layout_loops_corners

Skill      XL: |  1  2  3  4  5  6  7  8  9 10 11 |
---------------+----------------------------------+-----
Dodging        | 2 3 4 5 7 |  7.1
Armour         | 3 4 5 6 7 9 10 | 10.1
Fighting       | 4 5 6 8 9 10 | 10.4
Maces & Flails | 4 5 6 7 8 10 | 10.2

Action                   |  1- 3 |  4- 6 |  7- 9 | 10-12 || total
-------------------------+-------+-------+-------+-------++-------
Melee: Mace              |   102 |   174 |   286 |   657 ||  1219
       Punch             |       |       |     3 |    11 ||    14
Invok: Berserk           |     3 |     6 |    15 |    21 ||    45
  Use: Scroll            |       |    14 |     6 |       ||    20
Armor: Animal skin       |    44 |    60 |    35 |       ||   139
       Plate armour      |       |       |   156 |   503 ||   659
Dodge: Dodged            |    90 |   112 |   176 |   328 ||   706
